 Dungeon Crawl Stone Soup version 0.29.1-12-g30fa7ad0bf (webtiles) character file.

Game seed: 16377927416524266661

98 DildoBatman the Conjurer (level 5, -2/38 HPs)
             Began as a Formicid Conjurer on Dec 17, 2022.
             Slain by Grinder (8 damage)
             ... on level 3 of the Dungeon.
             The game lasted 00:05:42 (2791 turns).

DildoBatman the Conjurer (Formicid Conjurer)        Turns: 2791, Time: 00:05:42

Health: -2/38      AC:  3    Str: 11    XL:     5   Next: 1%
Magic:  9/9        EV: 12    Int: 20    God:
Gold:   159        SH:  5    Dex: 12    Spells: 7/10 levels left

rFire   . . .      SeeInvis +   r - +1 dagger (speed)
rCold   . . .      Faith    .   (no shield)
rNeg    . . .      Spirit   .   a - +0 robe
rPois   .          Reflect  +   (helmet unavailable)
rElec   .          Harm     .   n - +0 cloak
rCorr   .          Rampage  .   (no gloves)
Will    .....                   (no boots)
Stlth   ++........              g - amulet of reflection
HPRegen 0.12/turn               (no ring)
MPRegen 0.11/turn               (no ring)

@: no status effects
A: permanent stasis, dig shafts and tunnels, antennae 3, four strong arms
a: Dig, Shaft Self


You were on level 3 of the Dungeon.
You visited 1 branch of the dungeon, and saw 4 of its levels.

You collected 159 gold pieces.

Inventory:

Hand Weapons
 c - a +0 dagger
 r - a +1 dagger of speed (weapon)
Missiles
 e - 7 boomerangs
 i - 33 stones
 v - 2 atropa-tipped darts
Armour
 a - a +0 robe (worn)
 n - a +0 cloak (worn)
 s - a +0 tower shield
Jewellery
 g - an amulet of reflection (around neck)
 w - a +4 ring of protection
Wands
 m - a wand of mindburst (15)
Scrolls
 d - a scroll of acquirement {unknown}
 f - 3 scrolls of immolation {unknown}
 h - a scroll of blinking {unknown}
 j - a scroll of identify {unknown}
 q - a scroll of summoning {unknown}
Potions
 b - a potion of magic
 k - 3 potions of flight {unknown}
 l - a potion of haste {unknown}
 o - 3 potions of mutation {unknown}
 p - 2 potions of might {unknown}
 t - 2 potions of curing {unknown}
 u - a potion of attraction {unknown}


   Skills:
 * Level 2.1 Fighting
 * Level 1.9 Armour
 - Level 2.0 Dodging
 - Level 2.4 Stealth
 * Level 3.0 Spellcasting
 * Level 4.1 Conjurations


You had 7 spell levels left.
You knew the following spells:

 Your Spells              Type           Power      Damage    Failure   Level
a - Searing Ray           Conj           38%        2d5       4%          2
c - Magic Dart            Conj           76%        1d6       2%          1

Your spell library contained the following spells:

 Spells                   Type           Power      Damage    Failure   Level
 Dazzling Flash           Conj/Hex       22%        N/A       19%         3
 Confusing Touch          Hex            3%         N/A       38%         3
 Fulminant Prism          Conj/Hex       5%         3d7       52%         4
 Iskenderun's Mystic Bla  Conj/Tloc      11%        2d4       52%         4
 Yara's Violent Unravell  Hex/Tmut       1%         3d3       98%         5
 Enfeeble                 Hex            1%         N/A       100%        7


Dungeon Overview and Level Annotations

Branches:
Dungeon (4/15)
 Temple: D:4-7

Altars:
Dithmenos
Makhleb
Uskayaw
The Shining One

Annotations:
D:2 Sigmund; Terence
D:3 3 runed translucent doors, exclusion: dancing weapon, Grinder; Natasha; raetorn's ghost, weakling DjHW


Innate Abilities, Weirdness & Mutations

You cannot be hasted, slowed, berserked, paralysed or teleported.
You can dig through walls and to a lower floor.
You have a pair of large antennae on your head. (SInv)
Your four strong arms can wield two-handed weapons with a shield.


Message History

The adder closely misses you.
Casting: Magic Dart (safe; 2% risk of failure)
Confirm with . or Enter, or press ? or * to list all spells.
Aiming: Magic Dart (safe; 2% risk of failure)
Press: ? - help, Shift-Dir - straight line, f/p - adder
Aim: an adder (heavily wounded, 100% to hit)
The magic dart hits the adder.
You kill the adder!
You have reached level 5!
You start resting.
HP restored.
The kobold shouts! x2
Raetorn's ghost turns its malevolent gaze towards you.
The kobold shouts!
You hear a shout! x2
The kobold shouts!
The kobold shouts!
Magic restored.
You see here a +0 robe.
Partly explored, can't reach some places.
Unknown command.
You see here a +0 robe.
There is a stone staircase leading down here.
You climb downwards.
There is a stone staircase leading up here.
Grinder gestures at you. Pain shoots through your body!
You climb upwards.
Level annotation: 3 runed translucent doors, exclusion: dancing weapon, Natasha; raetorn's ghost, weakling DjHW
There is a stone staircase leading down here.
Grinder hits you!
You writhe in agony.
Grinder attacks as you move away! Grinder hits you!
You writhe in agony.
Grinder attacks as you move away! Grinder hits you but does no damage.
Grinder attacks as you move away! Grinder hits you!
You die...

...................##.#..#####
#................<......###
#........)................#
#.........................#
#...>^.............>......#
#.........................##
#..........................#
#..............5...........#
.............#.#@..........#####
..####....#.##.##..............##
..# #..........>............h...
..# #...................#.##....
..####....#.#..###...............
..##...........# #.####.....##...
..)..####.####.###.####..........
..##.#.......#...................
..#..#.......#...#.##...#########


You could see Grinder.

Vanquished Creatures
  2 adders
  3 dart slugs
  An orc (D:4)
  6 endoplasms
  2 giant cockroaches
  5 hobgoblins
  13 jackals
  4 kobolds
  6 quokkas
  4 ball pythons
  2 bats
  4 frilled lizards
  5 goblins
  6 rats
63 creatures vanquished.

Notes
Turn   | Place    | Note
-------+----------+-------------------------------------------
     0 | D:1      | DildoBatman the Formicid Conjurer began the quest for the
                  | Orb.
     0 | D:1      | Reached XP level 1. HP: 13/13 MP: 3/3
   120 | D:1      | Found a faded altar of an unknown god.
   153 | D:1      | Reached XP level 2. HP: 20/20 MP: 3/5
   156 | D:1      | Learned a level 2 spell: Searing Ray
   489 | D:1      | Reached skill level 1 in Fighting
   583 | D:1      | Reached skill level 1 in Armour
   583 | D:1      | Reached XP level 3. HP: 26/26 MP: 2/6
  1089 | D:2      | Found a burning altar of Makhleb.
  1149 | D:2      | Noticed Terence
  1152 | D:2      | You fall into a shaft and drop 2 floors!
  1386 | D:4      | Reached XP level 4. HP: 30/32 MP: 2/8
  1481 | D:3      | Noticed a +0 short sword
  1482 | D:3      | Noticed a +0 dagger
  1482 | D:3      | Noticed a +0 spear
  1484 | D:3      | Noticed a +0 falchion
  1489 | D:3      | Noticed a +0 short sword
  1490 | D:3      | Noticed a +0 spear
  1508 | D:3      | Noticed a +0 dagger
  1534 | D:3      | Noticed a +0 falchion
  1571 | D:3      | Found a hide-covered altar of Uskayaw.
  1575 | D:3      | Noticed Natasha
  1586 | D:3      | Found a runed translucent gate.
  1587 | D:3      | Noticed raetorn's ghost (weakling DjHW)
  1588 | D:3      | Noticed a kobold brigand
  1791 | D:2      | Reached skill level 4 in Conjurations
  2157 | D:2      | You fall into a shaft and drop 2 floors!
  2299 | D:2      | Noticed Sigmund
  2315 | D:3      | Found a shadowy altar of Dithmenos.
  2452 | D:3      | Found a glowing golden altar of the Shining One.
  2684 | D:3      | Found a runed translucent gate.
  2684 | D:3      | Found a runed translucent gate.
  2690 | D:3      | Reached XP level 5. HP: 37/38 MP: 3/9
  2783 | D:4      | Noticed Grinder
  2791 | D:3      | Slain by Grinder

Illustrated notes

Levels and vault maps discovered:
D:1:      psy_arrival_whirlpool, layout_basic, chequers_ecumenical_altar_simple,
          grunt_decor_junction, hangedman_decor_clover_reticule
D:2:      layout_basic, basic_altar, serial_curves, eino_curves_01,
          eino_curves_03, eino_curves_03, uniq_terence, uniq_sigmund
D:3:      layout_rooms, nicolae_uskayaw_en_pointe,
          mainiacjoe_overflow_concentric_impassable, lemuel_tele_altar,
          gammafunk_ghost_nasty_kobolds, uniq_natasha
D:4:      layout_basic, serial_shops, shop_fountains, uniq_grinder

Skill      XL: |  1  2  3  4 |
---------------+-------------+-----
Dodging        | 2 |  2.0
Fighting       | 1 2 |  2.1
Armour         | 1 |  1.9
Conjurations   | 4 |  4.1
Spellcasting   | 3 |  3.0
Stealth        | |  2.4

Action                   |  1- 3 |  4- 6 || total
-------------------------+-------+-------++-------
Melee: Dagger            |    13 |     5 ||    18
 Cast: Magic Dart        |    67 |    38 ||   105
       Searing Ray       |     2 |     2 ||     4
 Abil: Shaft Self        |     1 |     1 ||     2
Armor: Robe              |     5 |    10 ||    15
Dodge: Dodged            |    11 |    12 ||    23
Block: Other             |       |     1 ||     1
